 Dungeon Crawl Stone Soup version 0.30-a0-364-gf6b3ef1049 (webtiles) character file.

Game seed: 5870449728503839312

15 lesbiats the Shield-Bearer (level 2, -1/29 HPs)
             Began as a Troll Fighter on Nov 15, 2022.
             Succumbed to a kobold's poison
             ... on level 1 of the Dungeon.
             The game lasted 00:02:06 (392 turns).

lesbiats the Shield-Bearer (Troll Fighter)           Turns: 392, Time: 00:02:07

Health: -1/29      AC:  4    Str: 23    XL:     2   Next: 34%
Magic:  1/1        EV:  8    Int:  4    God:
Gold:   38         SH:  7    Dex:  9    Spells: 1/1 levels left

rFire   . . .      SeeInvis .      - Unarmed
rCold   . . .      Faith    .    b - +0 kite shield
rNeg    . . .      Spirit   .    a - +0 robe
rPois   .          Reflect  .    (helmet restricted)
rElec   .          Harm     .    (no cloak)
rCorr   .          Rampage  .    (gloves unavailable)
Will    .....                    (boots unavailable)
Stlth   +.........               (no amulet)
HPRegen 1.04/turn                (no ring)
MPRegen 0.07/turn                (no ring)

@: lethally poisoned (-1 -> -8)
A: large, unfitting armour, claws 3, regeneration 1, shaggy fur 1, tough skin 1
a: no special abilities


You were on level 1 of the Dungeon.
You visited 1 branch of the dungeon, and saw 1 of its levels.

You collected 38 gold pieces.

Inventory:

Armour
 a - a +0 robe (worn)
 b - a +0 kite shield (worn)
Scrolls
 f - a scroll of enchant armour {unknown}
 g - 3 scrolls of butterflies {unknown}
 h - a scroll of identify {unknown}
Potions
 c - a potion of might
 d - a potion of resistance {unknown}
 e - a potion of curing {unknown}


   Skills:
 + Level 2.6 Fighting
 - Level 2.4 Dodging
 + Level 2.9 Shields
 * Level 2.5 Unarmed Combat


You had one spell level left.
You didn't know any spells.
Your spell library contained the following spells:

 Spells                   Type           Power      Damage    Failure   Level
 Inner Flame              Hex/Fire       0%         N/A       99%         3
 Flame Wave               Conj/Fire      0%         2d4       100%        4
 Sticky Flame             Conj/Fire      0%         2d3       100%        4


Dungeon Overview and Level Annotations

Branches:
Dungeon (1/15)

Altars:


Innate Abilities, Weirdness & Mutations

You are too large for most types of armour.
You have claws for hands.
Your natural rate of healing is unusually fast.
You are covered in fur. (AC +1)
You have tough skin. (AC +1)


Message History

You scratch the giant cockroach.
You kill the giant cockroach!
No target in view!
You now have 38 gold pieces (gained 8).
Things that are here:
a +0 dagger; a giant cockroach corpse; a kobold corpse
Found 6 stones.
A kobold comes into view. It is wielding a +2 dagger of venom.
Found a morningstar.
The kobold shouts!
The kobold hits you with a +2 dagger of venom.
You are poisoned.
You scratch the kobold but do no damage.
You feel very sick. The kobold hits you but does no damage.
You are more poisoned.
You closely miss the kobold.
You feel very sick. You block the kobold's attack.
You barely miss the kobold.
You feel very sick.
The kobold hits you with a +2 dagger of venom.
You are more poisoned.
You are too injured to fight recklessly!
You are too injured to fight recklessly!
You are too injured to fight recklessly!
You miss the kobold.
You feel very sick. You block the kobold's attack.
The kobold attacks as you move away! You block the kobold's attack.
You feel very sick.
You feel very sick. The kobold attacks as you move away!
The kobold barely misses you.
You feel sick.
You feel sick. The kobold attacks as you move away!
The kobold hits you with a +2 dagger of venom.
* * * LOW HITPOINT WARNING * * *
You are lethally poisoned!
You die...

........##...#
.............##
#...............>...[.......
#...)..........#.......^..##
#..............#............
#..............#.......#....
#...........................
#.........###...............
#......(...@................
#........K...#...........###
#####........#........#### #
#........#....†)..######
#........#........##....
#........###....####....
####..............##....
#..............##....
#.........#....##....


You could see a kobold.

Vanquished Creatures
  4 ball pythons (D:1)
  An endoplasm (D:1)
  3 giant cockroaches (D:1)
  A goblin (D:1)
  2 bats (D:1)
  A kobold (D:1)
  3 rats (D:1)
15 creatures vanquished.

Notes
Turn   | Place    | Note
-------+----------+-------------------------------------------
     0 | D:1      | lesbiats the Troll Fighter began the quest for the Orb.
     0 | D:1      | Reached XP level 1. HP: 22/22 MP: 0/0
   179 | D:1      | Reached XP level 2. HP: 29/29 MP: 1/1
   392 | D:1      | HP: 1/29 [kobold/+2 dagger of venom (3)]
   392 | D:1      | Succumbed to a kobold's poison

Illustrated notes

Levels and vault maps discovered:
D:1:      shiori_arrival_maze, layout_basic, skrybe_limestone_x

Action                   || total
-------------------------++-------
Melee: Unarmed           ||    34
Armor: Robe              ||    13
Dodge: Dodged            ||    13
Block: Kite shield       ||    12

Table legend: (Time is in decaauts)
 A = Elapsed time spent in this place.
 B = Non-inter-level travel time spent in this place.
 C = Inter-level travel time spent in this place.
 D = Time resting spent in this place.
 E = Time spent auto-exploring this place.
 F = Levels seen in this place.
 G = Mean time per level.
                   A        B        C        D        E       F      G
               +--------+--------+--------+--------+--------+-----+--------+
         Total |    394 |    394 |      0 |      0 |    287 |   1 |  394.0 |
       Dungeon |    394 |    394 |      0 |      0 |    287 |   1 |  394.0 |
               +--------+--------+--------+--------+--------+-----+--------+

Top non-repeatable levels by time:
     D:1: 394 daAuts
